 Dungeon Crawl Stone Soup version 0.23.1 (webtiles) character file.

Game seed: 2808633370122624776

3761 Lanoc the Carver (level 10, 0/71 HPs)
             Began as an Octopode Monk on Mar 2, 2019.
             Was an Elder of Dithmenos.
             Succumbed to a hornet's poison
             ... on level 7 of the Dungeon.
             The game lasted 00:13:56 (6076 turns).

Lanoc the Carver (Octopode Monk)                    Turns: 6076, Time: 00:13:56

Health: 0/71       AC:  4    Str: 14 (15) XL:     10   Next: 15%
Magic:  10/10      EV: 18    Int: 11 (12) God:    Dithmenos [****..]
Gold:   220        SH:  0    Dex: 18 (19) Spells: 9/9 levels left

rFire    . . .     SeeInvis .   t - +0 falchion (vamp)
rCold    . . .     Gourm    .   (no shield)
rNeg     . . .     Faith    .   (helmet restricted)
rPois    .         Spirit   .   (no amulet)
rElec    .         Reflect  .   d - +3 ring of protection
rCorr    .         Harm     .   (no ring)
MR       +....                  (no ring)
Stlth    +++++++++.             (no ring)
HPRegen  0.21/turn              (no ring)
MPRegen  0.12/turn              (no ring)
                                (no ring)
                                (no ring)

@: mighty, lethally poisoned (0 -> -1), hasted, wreathed by umbra, very quick
A: almost no armour, stealthy swim, amphibious, 8 rings, constrict 8, camouflage
2, magic resistance 1, gelatinous body 1
a: Shadow Step, Renounce Religion


You were on level 7 of the Dungeon.
You worshipped Dithmenos.
Dithmenos was greatly pleased with you.
You were not hungry.

You visited 2 branches of the dungeon, and saw 8 of its levels.

You collected 220 gold pieces.

Inventory:

Hand Weapons
 a - a +2 dagger of holy wrath
 i - a +0 dagger of electrocution
 m - a +0 long sword
 t - a +0 vampiric falchion (weapon)
Jewellery
 d - a +3 ring of protection (left tentacle)
Wands
 v - a wand of paralysis (8)
Scrolls
 f - a scroll of remove curse
 g - 2 scrolls of enchant weapon
 h - a scroll of immolation
 j - 2 scrolls of fog {unknown}
 k - a scroll of amnesia {unknown}
 u - a scroll of blinking {unknown}
Potions
 n - 2 potions of mutation
 r - a potion of agility
Comestibles
 b - 2 rations


   Skills:
 + Level 7.1 Fighting
 * Level 9.6 Long Blades
 + Level 7.0 Dodging
 + Level 9.3 Stealth


You had 9 spell levels left.
You didn't know any spells.
Your spell library contained the following spells:

 Spells                   Type           Power        Failure   Level  Hunger
 Confusing Touch          Hex            #.....       34%         1    ##.....
 Confuse                  Hex            #.......     71%         3    ####...
 Gell's Gravitas          Tloc           #.........   71%         3    ####...
 Petrify                  Tmut/Erth      #.......     98%         4    #####..
 Metabolic Englaciation   Hex/Ice        #.........   100%        5    ######.
 Yara's Violent Unravell  Hex/Tmut       #.........   100%        5    ######.


Dungeon Overview and Level Annotations

Branches:
Dungeon (7/15)             Temple (1/1) D:7

Altars:
Ashenzari
Cheibriados
Dithmenos
Elyvilon
Fedhas
Gozag
Kikubaaqudgha
Nemelex Xobeh
Okawaru
Qazlal
Ru
Sif Muna
Trog
Uskayaw
Wu Jian
Xom
Yredelemnul
Zin
The Shining One
Lugonu

Shops:
D:4 %


Innate Abilities, Weirdness & Mutations

You cannot wear most types of armour.
You are very stealthy in the water. (Stealth+)
You are amphibious.
You can wear up to eight rings at the same time.
You can use your tentacles to constrict eight enemies at once.
Your skin blends seamlessly with your surroundings (Stealth++).
Your rubbery body absorbs attacks. (AC +1, EV +1)
You are resistant to hostile enchantments. (MR+)


Message History

* * * LOW HITPOINT WARNING * * *
You feel sick.
There is an open door here.
* * * LOW HITPOINT WARNING * * *
You feel sick.
You open the door.
As you read the scroll labeled LENKIT UZIOCIT, it crumbles to dust.
You hear snatches of song.
It was a scroll of random uselessness.
As you read the scroll labeled JYELUU KUSKOVU, it crumbles to dust.
You feel strangely unstable.
It was a scroll of teleportation.
* * * LOW HITPOINT WARNING * * *
You feel sick.
There is an open door here.
* * * LOW HITPOINT WARNING * * *
You feel sick.
Your surroundings suddenly seem different.
* * * LOW HITPOINT WARNING * * *
You feel sick.
You die...

#.....###.....## #..#
##.. #.....#........##
##..# ###
#........###...###..##
#.......## ##........#
##.....## ##....#...#
## ##.....##
##..####...###.
##..##....#####..##
#......
##..#####.........#
###.... ####..##
##...@....# ###.....<
.....##
#..####..####........
####.# #...#
##............. #.# #.
#.........#... ... #
##.....###.... #...
##..#### #..## #....
#....# #..## ..##..
##.#.†## ##.## .# ##.
#####.###..###..#


There were no monsters in sight!

Vanquished Creatures
  Pikel (D:4)
  A hornet (D:7)
  Prince Ribbit (D:6)
  A hippogriff (D:5)
  Eustachio (D:6)
  2 hungry ghosts
  Duvessa (D:4)
  2 sky beasts (D:7)
  3 ice beasts
  An ogre (D:5)
  5 centaurs
  3 bullfrogs
  Dowan (D:4)
  2 scorpions
  2 howler monkeys (D:7)
  2 crimson imps
  3 hounds
  4 orc priests
  4 orc wizards (D:4)
  3 centaur skeletons
  4 iguanas
  2 worker ants
  A hound zombie (D:6)
  11 adders
  2 shadow imps
  An adder skeleton (D:6)
  2 worms
  A dart slug (D:2)
  2 leopard geckos
  18 orcs
  3 bats
  3 giant cockroaches (D:5)
  7 hobgoblins
  7 kobolds
  2 quokkas
  A ball python (D:2)
  4 frilled lizards
  5 goblins
  A jackal skeleton (D:4)
  6 rats
126 creatures vanquished.

Vanquished Creatures (others)
  A slave (D:4)
  An ogre (D:4)
  An orc priest (D:4)
  An orc wizard (D:4)
  2 orcs (D:4)
6 creatures vanquished.

Grand Total: 132 creatures vanquished

Notes
Turn   | Place    | Note
-------+----------+-------------------------------------------
     0 | D:1      | Lanoc the Octopode Monk began the quest for the Orb.
     0 | D:1      | Reached XP level 1. HP: 16/16 MP: 1/1
   230 | D:2      | Found a shadowy altar of Dithmenos.
   251 | D:2      | Became a worshipper of Dithmenos the Shadowed
   251 | D:2      | Reached * piety under Dithmenos
   251 | D:2      | Reached ** piety under Dithmenos
   346 | D:2      | Reached XP level 2. HP: 21/21 MP: 2/2
   815 | D:2      | Found an ornate altar of the Wu Jian Council.
   815 | D:2      | Found a white marble altar of Elyvilon.
   835 | D:2      | Reached XP level 3. HP: 26/26 MP: 3/3
  1340 | D:3      | Reached XP level 4. HP: 31/31 MP: 4/4
  1360 | D:3      | Found a shattered altar of Ashenzari.
  1756 | D:3      | Found a glowing golden altar of the Shining One.
  2210 | D:4      | Noticed Dowan
  2211 | D:4      | Noticed Duvessa
  2213 | D:4      | Noticed an ice beast
  2215 | D:4      | Noticed an ogre
  2229 | D:4      | Killed Duvessa
  2229 | D:4      | Reached XP level 5. HP: 28/37 MP: 5/5
  2248 | D:3      | Killed an ice beast
  2248 | D:3      | Reached skill level 5 in Long Blades
  2248 | D:3      | Reached XP level 6. HP: 8/43 MP: 6/6
  2739 | D:4      | Noticed a hungry ghost
  2758 | D:4      | Killed a hungry ghost
  2758 | D:4      | Reached skill level 5 in Stealth
  2758 | D:4      | Reached XP level 7. HP: 48/49 MP: 7/7
  3155 | D:4      | Killed Dowan
  3299 | D:4      | Noticed Pikel
  3345 | D:4      | Killed Pikel
  3345 | D:4      | Reached skill level 5 in Fighting
  3345 | D:4      | Reached skill level 5 in Dodging
  3345 | D:4      | Reached XP level 8. HP: 26/55 MP: 8/8
  3853 | D:4      | Found Wesin's Food Emporium.
  3958 | D:4      | Found a snail-covered altar of Cheibriados.
  3982 | D:4      | Reached *** piety under Dithmenos
  4211 | D:5      | Entered Level 5 of the Dungeon
  4403 | D:5      | Noticed a hippogriff
  4411 | D:5      | Killed a hippogriff
  4411 | D:5      | Reached XP level 9. HP: 62/62 MP: 9/9
  4443 | D:5      | Found a deep blue altar of Sif Muna.
  4658 | D:5      | Found a basalt altar of Yredelemnul.
  4658 | D:5      | Found a sacrificial altar of Ru.
  4695 | D:6      | Noticed Prince Ribbit
  4699 | D:6      | Killed Prince Ribbit
  5084 | D:6      | Noticed Eustachio
  5100 | D:6      | Killed Eustachio
  5218 | D:6      | Found an iron altar of Okawaru.
  5218 | D:6      | Found a bloodstained altar of Trog.
  5692 | D:7      | Found a staircase to the Ecumenical Temple.
  5718 | Temple   | Entered the Ecumenical Temple
  5848 | D:7      | Reached XP level 10. HP: 58/69 MP: 10/10
  5856 | D:7      | Reached **** piety under Dithmenos
  6050 | D:7      | Paralysed by a hornet for 1 turns
  6051 | D:7      | Gained mutation: You are resistant to hostile enchantments.
                  | (MR+) [potion of mutation]
  6051 | D:7      | Gained mutation: Your skin blends seamlessly with your
                  | surroundings (Stealth++). [potion of mutation]
  6062 | D:7      | HP: 3/71 [poisoned by a hornet]
  6067 | D:7      | HP: 2/71 [poisoned by a hornet]
  6072 | D:7      | HP: 1/71 [poisoned by a hornet]
  6076 | D:7      | Succumbed to a hornet's poison

Skill      XL: |  1  2  3  4  5  6  7  8  9 10 |
---------------+-------------------------------+-----
Stealth        | 3 4 5 6 7 9 |  9.3
Long Blades    | 4 5 6 7 9 |  9.6
Fighting       | 4 5 6 7 |  7.1
Dodging        | 4 5 6 7 |  7.0

Action                   |  1- 3 |  4- 6 |  7- 9 | 10-12 || total
-------------------------+-------+-------+-------+-------++-------
Melee: Falchion          |    45 |    91 |    74 |    31 ||   241
       Constrict         |    15 |    20 |    44 |     6 ||    85
       Tentacles         |    12 |    22 |    50 |    12 ||    96
       Long sword        |       |       |   115 |       ||   115
       Dagger            |       |       |    33 |       ||    33
  Use: Potion            |       |       |     3 |     5 ||     8
       Scroll            |       |       |     3 |     2 ||     5
 Stab: Sleeping          |    15 |     5 |    18 |     4 ||    42
       Distracted        |       |       |     2 |       ||     2
  Eat: Chunk             |     1 |     5 |     9 |     1 ||    16
       Ration            |       |       |     3 |       ||     3
Armor: Skin              |     2 |    11 |    28 |     3 ||    44
Dodge: Dodged            |    26 |    77 |   153 |    24 ||   280
       Rpst.: Falchion   |     7 |    31 |    13 |     7 ||    58
       Long sword        |       |       |    35 |       ||    35
